 Dungeon Sprint DCSS version 0.22-a0-369-gc73351f (webtiles) character file.

106 emperorscorpion the Magician (level 4, -5/38 HPs)
             Began as a Demonspawn Warper on Apr 24, 2018.
             Slain by a scorpion (9 damage)
             ... in the Dungeon (Sprint IX: "|||||||||||||||||||||||||||||").
             The game lasted 00:00:51 (78 turns).

emperorscorpion the Magician (Demonspawn Warper)      Turns: 78, Time: 00:00:52

Health: -5/38      AC:  3    Str: 12    XL:     4   Next: 55%
Magic:  8/10       EV: 13    Int: 14    God:
Gold:   0          SH:  0    Dex: 13    Spells: 12/12 levels left

rFire    . . .     SeeInvis .   a - +0 spear
rCold    . . .     Gourm    .   (no shield)
rNeg     . . .     Faith    .   b - +0 leather armour
rPois    .         Spirit   .   (no helmet)
rElec    .         Reflect  .   (no cloak)
rCorr    .         Harm     .   (no gloves)
MR       .....     NoTele   +   (no boots)
Stlth    ++........             (no amulet)
HPRegen  0.12/turn              (no ring)
MPRegen  0.12/turn              (no ring)

@: lethally poisoned (-5 -> -20), berserk cooldown, slowed, very slow
A: nightstalker 1, powered by death 1
a: no special abilities


You were in the Dungeon.
You were not hungry.

You visited 1 branch

Inventory:

Hand Weapons
 a - a +0 spear (weapon)
Missiles
 e - 5 tomahawks of dispersal (quivered)
Armour
 b - a +0 leather armour (worn)
Scrolls
 d - 2 scrolls of blinking
Potions
 i - a potion of haste
 j - 2 potions of magic
Comestibles
 c - a chunk of flesh
 f - a ration


   Skills:
 + Level 4.4 Fighting
 + Level 4.6 Polearms
 + Level 1.4 Throwing
 + Level 2.0 Armour
 + Level 3.9 Dodging
 + Level 4.6 Spellcasting
   Level 2.6 Translocations


You had 12 spell levels left.
You didn't know any spells.

Dungeon Overview and Level Annotations

Branches:
Dungeon (1/1)

Altars:


Innate Abilities, Weirdness & Mutations

You are slightly more attuned to the shadows.
You regenerate a little health from kills.


Message History

You feel sick. The scorpion barely misses you.
You hit the scorpion.
The scorpion is heavily wounded.
You feel sick. The scorpion stings you.
You are lethally poisoned!
The scorpion poisons you! The scorpion misses you.
Okay, then.
You closely miss the scorpion.
The scorpion is heavily wounded.
You feel sick. The scorpion stings you.
* * * LOW HITPOINT WARNING * * *
You hit the scorpion.
The scorpion is heavily wounded.
* * * LOW HITPOINT WARNING * * *
You feel sick. The scorpion barely misses you.
You barely miss the scorpion.
The scorpion is heavily wounded.
* * * LOW HITPOINT WARNING * * *
You feel sick. The scorpion barely misses you. The scorpion stings you!
You die... ▓▓▓▓▓▓▓▓▓▓▓▓▓▓▓▓▓▓ +.....s@....)...<▓ ▓▓▓▓▓▓▓▓▓▓▓▓▓▓▓▓▓▓

You could see a scorpion.

Vanquished Creatures
  A crimson imp (D)
  2 hounds (D)
  An ooze (D)
  A dart slug (D)
  A goblin (D)
  A bat (D)
  2 rats (D)
9 creatures vanquished.

Notes
Turn   | Place    | Note
-------+----------+-------------------------------------------
     0 | D        | emperorscorpion the Demonspawn Warper began the quest for the Orb.
     0 | D        | Reached XP level 1. HP: 16/16 MP: 3/3
    15 | D        | Reached skill level 1 in Armour
    41 | D        | Noticed a scorpion
    41 | D        | Noticed a crimson imp
    41 | D        | Noticed a hound
    41 | D        | Noticed a hound
    45 | D        | Killed a hound
    45 | D        | Reached skill level 1 in Throwing
    45 | D        | Gained mutation: You regenerate a little health from kills. [demonic ancestry]
    45 | D        | Reached XP level 2. HP: 24/24 MP: 4/6
    45 | D        | Gained mutation: You are slightly more attuned to the shadows. [demonic ancestry]
    45 | D        | Reached XP level 3. HP: 29/29 MP: 5/8
    59 | D        | Reached XP level 4. HP: 32/38 MP: 6/10
    78 | D        | Slain by a scorpion

Vault maps used:
D:        linesprint

Skill      XL: |  1  2  3  4 |
---------------+-------------+-----
Polearms       | 3 4 |  4.6
Armour         | 1 2 |  2.0
Dodging        | 3 |  3.9
Fighting       | 3 4 |  4.4
Throwing       | 1 |  1.4
Spellcasting   | 3 4 |  4.6
Translocations | |  2.6

Action                   |  1- 3 |  4- 6 || total
-------------------------+-------+-------++-------
Melee: Spear             |    36 |    17 ||    53
  Use: Potion            |     1 |     2 ||     3
Armor: Leather armour    |     5 |     1 ||     6
Dodge: Dodged            |    18 |    13 ||    31

Table legend:
 A = Spawn XP
 B = Non-spawn XP
 C = Spawn XP percentage of total XP
 D = Spawn monster count
 E = Non-spawn monster count
 F = Spawn count percentage of total count
 G = Total turns spent on level
                    A         B        C        D         E        F      G
               +---------+---------+-------+---------+---------+-------+---------
         Total |       0 |     152 |   0.0 |       0 |       9 |   0.0 |    78
               +---------+---------+-------+---------+---------+-------+---------
             D |       0 |     152 |   0.0 |       0 |       9 |   0.0 |    78
               +---------+---------+-------+---------+---------+-------+---------
